 Dungeon Crawl Stone Soup version 0.23-a0-169-gb21e695 (webtiles) character file.

62 Amnesiac the Chiller (level 3, 0/24 HPs)
             Began as a Mummy Ice Elementalist on Sept 11, 2018.
             Slain by a worm (10 damage)
             ... on level 5 of the Dungeon.
             The game lasted 00:02:04 (448 turns).

Amnesiac the Chiller (Mummy Ice Elementalist)        Turns: 448, Time: 00:02:05

Health: 0/24       AC:  7    Str: 11    XL:     3   Next: 85%
Magic:  0/7        EV: 12    Int: 15    God:
Gold:   21         SH:  0    Dex: 12    Spells: 1/8 levels left

rFire    x . .     SeeInvis .   (no weapon)
rCold    + . .     Gourm    .   (no shield)
rNeg     + + +     Faith    .   a - +0 robe
rPois    ∞         Spirit   .   (no helmet)
rElec    .         Reflect  .   (no cloak)
rCorr    .         Harm     .   (no gloves)
MR       .....                  (no boots)
Stlth    +.........             (no amulet)
HPRegen  0.08/turn              (no ring)
MPRegen  0.10/turn              (no ring)

@: icy armour, very slow
A: no food or potions, fire vulnerability, cold resistance 1, negative energy
resistance 3, torment resistance, unbreathing
a: no special abilities


You were on level 5 of the Dungeon.
You were not hungry.

You visited 1 branch of the dungeon, and saw 5 of its levels.

You collected 21 gold pieces.

Inventory:

Armour
 a - a +0 robe (worn)
Scrolls
 c - a scroll of magic mapping {!r}
 d - a scroll of amnesia {!r}


   Skills:
 - Level 1.5 Dodging
 - Level 1.5 Stealth
 + Level 3.4 Spellcasting
 + Level 1.3 Conjurations
 * Level 3.4 Ice Magic


You had one spell level left.
You knew the following spells:

 Your Spells              Type           Power        Failure   Level  Hunger
a - Freeze                Ice            ##..         4%          1    N/A
b - Throw Frost           Conj/Ice       #.....       11%         2    N/A
c - Confusing Touch       Hex            #.....       19%         1    N/A
z - Ozocubu's Armour      Chrm/Ice       #.......     28%         3    N/A

Your spell library contained the following spells:

 Spells                   Type           Power        Failure   Level  Hunger
 Animate Skeleton         Necr           N/A          19%         1    N/A
 Apportation              Tloc           #.....       19%         1    N/A
 Summon Small Mammal      Summ           #...         19%         1    N/A
 Throw Icicle             Conj/Ice       #.......     56%         4    N/A
 Summon Ice Beast         Ice/Summ       #.......     67%         4    N/A

Dungeon Overview and Level Annotations

Branches:
Dungeon (6/15)
 Temple: D:4-7

Altars:


Innate Abilities, Weirdness & Mutations

You do not eat or drink.
Your flesh is vulnerable to fire.
You are immune to poison.
Your flesh is cold resistant. (rC+)
You are immune to negative energy. (rN+++)
You are immune to unholy pain and torment.
You can survive without breathing.


Message History

Press: ? - help, Shift-Dir - straight line, f/p - worker ant
Aim: a worker ant (almost dead)
You freeze the worker ant.
The worker ant is almost dead.
The worker ant closely misses you.
Casting: Freeze (safe; 5% risk of failure)
Confirm with . or Enter, or press ? or * to list all spells.
Aiming: Freeze (safe; 5% risk of failure)
Press: ? - help, Shift-Dir - straight line, f/p - worker ant
Aim: a worker ant (almost dead)
You freeze the worker ant.
You kill the worker ant!
Memorise Confusing Touch, consuming 1 spell level and leaving 1?
You start memorising the spell.
You continue memorising.
You finish memorising.
Spell assigned to 'c'.
You start resting.
A worker ant zombie comes into view.
You see here a worker ant corpse.
There is a stone staircase leading down here.
There is an open door here.
Your magical contamination has completely faded away.
You enter the shallow water.
Moving in this stuff is going to be slow.
You hit the worker ant zombie but do no damage.
The worker ant zombie completely misses you.
Unknown command.
Casting: Freeze (safe; 4% risk of failure)
Confirm with . or Enter, or press ? or * to list all spells.
A film of ice covers your body!
The worker ant zombie barely misses you.
Your unstable footing causes you to fumble your attack.
The worker ant zombie bites you but does no damage.
Your unstable footing causes you to fumble your attack.
The worker ant zombie bites you.
Casting: Ozocubu's Armour (safe; 28% risk of failure)
Confirm with . or Enter, or press ? or * to list all spells.
You don't have enough magic to cast that spell.
Your unstable footing causes you to fumble your attack.
The worker ant zombie bites you but does no damage.
You barely miss the worker ant zombie. The worker ant zombie bites you.
You hit the worker ant zombie but do no damage.
The worker ant zombie closely misses you.
You barely miss the worker ant zombie. The worker ant zombie bites you.
You completely miss the worker ant zombie.
The worker ant zombie bites you.
Casting: Ozocubu's Armour (safe; 28% risk of failure)
Confirm with . or Enter, or press ? or * to list all spells.
Your hands begin to glow red.
The worker ant zombie bites you.
You hit the worker ant zombie but do no damage.
The worker ant zombie bites you but does no damage.
Your unstable footing causes you to fumble your attack.
The worker ant zombie bites you.
* * * LOW HITPOINT WARNING * * *
Your unstable footing causes you to fumble your attack.
You hear the rusting of a drain.
The worker ant zombie bites you.
* * * LOW HITPOINT WARNING * * *
The worm misses you.
You hit the worker ant zombie but do no damage.
The worker ant zombie appears confused.
Your unstable footing causes you to fumble your attack.
The worm completely misses you.
You barely miss the worker ant zombie. The worm bites you!
You die...

### .... .....
###+###.....
##...........
####............
#≈≈####≈≈##Z...........
≈≈≈≈≈≈≈≈w@..#'###.......
#≈≈####≈≈####...+.......
.####....###.......
...................
........>..........
...#.............. ..
#..........#..
#.......†..# .
#..........#


You could see a worm and a worker ant zombie (confused).

Vanquished Creatures
  An iguana (D:6)
  A worker ant (D:5)
  A dart slug (D:1)
  A leopard gecko (D:1)
  2 bats (D:1)
  2 goblins (D:1)
  A hobgoblin (D:1)
  4 rats
13 creatures vanquished.

Notes
Turn   | Place    | Note
-------+----------+-------------------------------------------
     0 | D:1      | Amnesiac the Mummy Ice Elementalist began the quest for the
                  | Orb.
     0 | D:1      | Reached XP level 1. HP: 13/13 MP: 4/4
   156 | D:1      | Reached XP level 2. HP: 16/19 MP: 1/5
   241 | D:1      | Learned a level 2 spell: Throw Frost
   295 | D:3      | You fall through a shaft for 2 floors!
   295 | D:5      | Entered Level 5 of the Dungeon
   329 | D:6      | Reached skill level 1 in Conjurations
   329 | D:6      | Reached XP level 3. HP: 18/24 MP: 0/7
   398 | D:6      | Learned a level 3 spell: Ozocubu's Armour
   414 | D:5      | Learned a level 1 spell: Confusing Touch
   448 | D:5      | Slain by a worm

Vault maps used:
D:1:      tarquinn_simple_flora_water_d
D:3:      first_ration, minivault_26, uniq_robin, uniq_terence, uniq_natasha
D:5:      basic_altar, gup_sewer_entry_bubbles
D:6:      yredelemnul_altar_generic, lightli_ossuary_entry_decrepit_ruins,
          serial_shops, shop, uniq_menkaure

Skill      XL: |  1  2 |
---------------+-------+-----
Ice Magic      | 3 |  3.4
Spellcasting   | 3 |  3.4
Conjurations   | 1 |  1.3
Dodging        | |  1.5
Stealth        | |  1.5

Action                   || total
-------------------------++-------
Melee: Unarmed           ||    16
 Cast: Freeze            ||    25
       Ozocubu's Armour  ||     1
       Confusing Touch   ||     1
  Use: Scroll            ||     2
Armor: Robe              ||     4
Dodge: Dodged            ||    21

Table legend:
 A = Non-vault XP
 B = Vault XP
 C = Vault XP percentage of total XP
 D = Non-vault monster count
 E = Vault monster count
 F = Vault count percentage of total count
                 A         B        C        D         E       F
            +---------+---------+-------+---------+---------+-------
      Total |      89 |       0 |   0.0 |      13 |       0 |   0.0
            +---------+---------+-------+---------+---------+-------
        D:1 |      19 |       0 |   0.0 |      10 |       0 |   0.0
        D:3 |       1 |       0 |   0.0 |       1 |       0 |   0.0
        D:5 |      33 |       0 |   0.0 |       1 |       0 |   0.0
        D:6 |      36 |       0 |   0.0 |       1 |       0 |   0.0
            +---------+---------+-------+---------+---------+-------
